 Dungeon Crawl Stone Soup version 0.27-a0-489-g24c7b1a3ef (webtiles) character file.

Game seed: 4417384946124767359

2 jasper the Sneak (level 1, -8/13 HPs)
             Began as a Deep Elf Delver on Mar 1, 2021.
             Killed by nerve-wracking pain
             ... invoked by a shadow imp
              (10 damage)
             ... on level 5 of the Dungeon.
             The game lasted 00:00:45 (85 turns).

jasper the Sneak (Deep Elf Delver)                    Turns: 85, Time: 00:00:46

Health: -8/13      AC:  3    Str:  9    XL:     1   Next: 25%
Magic:  3/3        EV: 12    Int: 14    God:
Gold:   12         SH:  0    Dex: 16    Spells: 0/0 levels left

rFire    . . .     SeeInvis .   a - +0 spear
rCold    . . .     Faith    .   (no shield)
rNeg     . . .     Spirit   .   b - +0 leather armour
rPois    .         Reflect  .   (no helmet)
rElec    .         Harm     .   (no cloak)
rCorr    .         Rampage  .   (no gloves)
Will     .....                  (no boots)
Stlth    +++.......             (no amulet)
HPRegen  0.04/turn              (no ring)
MPRegen  0.08/turn              (no ring)

@: no status effects
A: no striking features
a: no special abilities


You were on level 5 of the Dungeon.
You visited 1 branch of the dungeon, and saw 2 of its levels.

You collected 12 gold pieces.

Inventory:

Hand Weapons
 a - a +0 spear (weapon)
Armour
 b - a +0 leather armour (worn)
Wands
 g - a wand of digging (3)
Scrolls
 c - a scroll of fog
 d - a scroll of magic mapping


   Skills:
 + Level 2.4 Fighting
 - Level 1.3 Polearms
 + Level 0.0 Armour
 + Level 2.4 Dodging
 + Level 6.0 Stealth
 + Level 0.1 Evocations


You couldn't memorise any spells.
You didn't know any spells.
Your spell library was empty.

Dungeon Overview and Level Annotations

Branches:
Dungeon (6/15)
 Temple: D:4-7

Altars:

Annotations:
D:5 3 runed translucent doors, HendSelp's ghost, novice GnFi; Sigmund


Message History

The hound bites you.
* * * LOW HITPOINT WARNING * * *
You take 4 damage, and have 3/13 hp.
MASSIVE DAMAGE!!
You hit the hound but do no damage.
The hound is heavily wounded.
The hound barely misses you. The hound bites you.
* * * LOW HITPOINT WARNING * * *
You take 1 damage, and have 2/13 hp.
You barely miss the hound.
The hound is heavily wounded.
The hound bites you.
* * * LOW HITPOINT WARNING * * *
You take 1 damage, and have 1/13 hp.
Found 22 arrows.
Found a runed translucent gate.
Found 16 arrows.
Found a robe and a hunting sling.
Your extra speed is starting to run out.
HendSelp's ghost turns its malevolent gaze towards you.
HendSelp's ghost turns its malevolent gaze towards you.
Found 15 gold pieces and a great mace.
As you read the scroll of fear, it crumbles to dust.
You assume a fearsome visage.
The hound looks frightened!
HendSelp's ghost wails.
You feel yourself slow down.
The shadow imp shouts!
Found a wand of digging (1).
The shadow imp sputters.
An adder comes into view.
You see here a wand of digging (1).
g - a wand of digging (4) (gained 1 charge)
Aiming: Dig
Press: ? - help, Shift-Dir - straight line, p - shadow imp A rock wall.
The rock shatters into small pieces.
The shadow imp completely misses you. The hound barely misses you.
The shadow imp gestures at you. Pain shoots through your body!
Ouch! That really hurt!
You die...

#.## ###♣⌠♣[## .>#
#.#(...8##......(
.######.#.....)#......#
........+.....♣#......#
h#####..+.....⌠#......#
........+W....♣#......#
.h#####.#W....$#......#
...####.#....8##....#
......###♣⌠♣)##.@..#
#.....# #####.####
#.....#######.5##
#...............#
#.....#######...#
#.....# ###...S#
####### ...... .......
....###


You could see a shadow imp.

Vanquished Creatures
  A leopard gecko (D:5)
1 creature vanquished.

Notes
Turn   | Place    | Note
-------+----------+-------------------------------------------
     0 | D:5      | jasper the Deep Elf Delver began the quest for the Orb.
     0 | D:5      | Reached XP level 1. HP: 13/13 MP: 3/3
     8 | D:6      | Noticed a worker ant
     8 | D:6      | Noticed a jelly
     8 | D:6      | Noticed an orc priest
     8 | D:6      | Noticed an orc wizard
    11 | D:5      | Noticed a hound
    14 | D:5      | Noticed Sigmund
    50 | D:5      | Found a runed translucent gate.
    50 | D:5      | Found a runed translucent gate.
    52 | D:5      | Found a runed translucent gate.
    54 | D:5      | Noticed HendSelp's ghost (novice GnFi)
    54 | D:5      | Noticed HendSelp's ghost (novice GnFi)
    85 | D:5      | Killed from afar by a shadow imp

Illustrated notes

Levels and vault maps discovered:
D:5:      layout_rooms, yredelemnul_forgotten_temple_becter,
          gammafunk_ghost_cemetery, st_stairs_7, minmay_misc_feat_room,
          nicolae_tso_swordbearing_angel, uniq_crazy_yiuf_cottage, uniq_duvessa,
          uniq_sigmund
D:6:      cheibrodos_quashed, layout_cave_pools, minmay_temple_entry_trees,
          portal_sewer_entry_d, serial_shops, kennysheep_little_box,
          roderic_lattice_a, grunt_ministairs_1, mrwooster_statue_mirror

Action                   || total
-------------------------++-------
Melee: Spear             ||    14
Evoke: Wand              ||     1
  Use: Scroll            ||     1
       Potion            ||     1
Armor: Leather armour    ||     3
Dodge: Dodged            ||     6

Table legend: (Time is in decaauts)
 A = Elapsed time spent in this place.
 B = Non-inter-level travel time spent in this place.
 C = Inter-level travel time spent in this place.
 D = Time resting spent in this place.
 E = Time spent auto-exploring this place.
 F = Levels seen in this place.
 G = Mean time per level.
                   A        B        C        D        E       F      G
               +--------+--------+--------+--------+--------+-----+--------+
         Total |     69 |     69 |      0 |      0 |      0 |   2 |   34.5 |
       Dungeon |     69 |     69 |      0 |      0 |      0 |   2 |   34.5 |
               +--------+--------+--------+--------+--------+-----+--------+

Top non-repeatable levels by time:
     D:5: 67 daAuts
     D:6: 1 daAuts
